 Dungeon Crawl Stone Soup version 0.20.1-1-g8b1a95d (webtiles) character file.

939 slep the Slasher (level 7, 0/55 HPs)
             Began as a Demonspawn Abyssal Knight on Oct 29, 2017.
             Was a Priest of Lugonu.
             Slain by a phantom (7 damage)
             ... on level 4 of the Dungeon.
             The game lasted 00:23:03 (3819 turns).

slep the Slasher (Demonspawn Abyssal Knight)        Turns: 3819, Time: 00:23:04

Health: 0/55       AC:  6    Str: 13    XL:     7   Next: 87%
Magic:  8/8        EV: 13    Int: 16    God:    Lugonu [***...]
Gold:   228        SH:  0    Dex: 16    Spells: 6/6 levels left

rFire    . . .     SeeInvis .   a - +1 falchion
rCold    . . .     Gourm    .   (no shield)
rNeg     . . .     Faith    .   b - +0 leather armour
rPois    .         Spirit   .   k - +0 helmet
rElec    .         Reflect  .   g - +0 cloak
rCorr    +         Harm     .   d - +0 pair of gloves
MR       .....                  (no boots)
Stlth    +++.......             (no amulet)
Regen    0.2/turn               y - ring of resist corrosion
MPRegen  0.2/turn               u - +3 ring of intelligence

@: no status effects
A: talons 1, thin skeletal structure 1, demonic guardian 1
a: Depart the Abyss, Bend Space, Banish, Renounce Religion


You were on level 4 of the Dungeon.
You worshipped Lugonu.
Lugonu was most pleased with you.
You were not hungry.

You visited 1 branch of the dungeon, and saw 5 of its levels.
You visited the Abyss 1 time.

You collected 228 gold pieces.

Inventory:

Hand Weapons
 a - a +1 falchion (weapon)
 r - a +2 hand axe of draining
 v - a cursed -2 dagger
 w - a +1 dagger of venom
 F - a +1 mace of crushing
Missiles
 C - 3 tomahawks (quivered)
Armour
 b - a +0 leather armour (worn)
 d - a +0 pair of gloves (worn)
 g - a +0 cloak (worn)
 k - a +0 helmet (worn)
Jewellery
 u - a +3 ring of intelligence (right hand)
 y - a ring of resist corrosion (left hand)
Wands
 G - a wand of polymorph (9/24)
Scrolls
 h - a scroll of remove curse {unknown}
 i - a scroll of fear {unknown}
 j - a scroll of fog {unknown}
 l - 2 scrolls of identify {unknown}
 p - 3 scrolls of amnesia {unknown}
 q - 3 scrolls of recharging {unknown}
 B - a scroll of immolation {unknown}
 E - 2 scrolls of teleportation {unknown}
Potions
 e - 4 potions of curing
 f - 3 potions of heal wounds
 m - a potion of mutation {unknown}
 o - a potion of magic {unknown}
 s - 2 potions of haste {unknown}
 x - a potion of agility
 z - a potion of lignification
 A - a potion of degeneration {unknown}
Comestibles
 c - 3 bread rations
 n - 2 meat rations
 t - a royal jelly


   Skills:
 + Level 4.9 Fighting
 + Level 5.5 Long Blades
 + Level 0.1 Throwing
 + Level 2.9 Armour
 + Level 2.9 Dodging
 + Level 3.6 Stealth
 + Level 2.5 Invocations


You had 6 spell levels left.
You didn't know any spells.

Dungeon Overview and Level Annotations

Branches:
Dungeon (5/15)
 Temple: D:4-7

Altars:
Dithmenos
Makhleb
Xom
The Shining One


Innate Abilities, Weirdness & Mutations

You have sharp toenails.
You have a somewhat thin skeletal structure. (Dex +2, Stealth)
A weak demonic guardian rushes to your aid.


Message History

The phantom is moderately damaged.
Your white imp disappears in a puff of smoke!
The phantom hits you.
* * * LOW HITPOINT WARNING * * *
You hit the phantom but do no damage. Your kick misses the phantom.
The phantom is moderately damaged.
The phantom misses you.
You hit the phantom.
The phantom is moderately damaged.
The phantom hits you but does no damage.
You hit the phantom but do no damage. You claw the phantom, but do no damage.
The phantom is moderately damaged.
The phantom hits you.
* * * LOW HITPOINT WARNING * * *
Your white imp gestures at the phantom.
The puff of frost hits the phantom.
The phantom resists.
You barely miss the phantom.
The phantom is moderately damaged.
The phantom hits you!
You die...

#....#.. .##....
#<...#.# .......
####....#.## ........
#...†......+.........
.###.....###.##........#
?..........%............
......(.................
........!..#.#..........
.......@..##'######.....
.......5W.........#.....
###.###(..........#.....
... #...........#.....
#.# #...........##.#+#
#. #...(.............
#.............#..)
#....(........#...
#........÷....#...


You could see a phantom and a friendly white imp.

Vanquished Creatures
  Grinder (D:4)
  Sigmund (D:3)
  An ogre (D:4)
  Crazy Yiuf (D:2)
  2 orc priests (D:4)
  Terence (D:2)
  Natasha (thrice) (D:3)
  2 worker ants
  Robin (D:2)
  8 adders
  3 gnolls (D:4)
  An ooze (D:2)
  A dart slug (D:1)
  A leopard gecko (D:1)
  3 orcs
  4 bats (D:1)
  4 giant cockroaches
  20 goblins
  23 hobgoblins
  9 jackals
  10 kobolds
  2 quokkas
  2 ball pythons
  3 frilled lizards
  A leopard gecko zombie (D:3)
  A quokka skeleton (D:4)
  6 rats
115 creatures vanquished.

Vanquished Creatures (collateral kills)
  Menkaure (D:4)
  A worker ant (D:4)
  2 orcs (D:4)
4 creatures vanquished.

Grand Total: 119 creatures vanquished

Notes
Turn   | Place    | Note
-------+----------+-------------------------------------------
     0 | Abyss:1  | slep the Demonspawn Abyssal Knight began the quest for the Orb.
     0 | Abyss:1  | Reached XP level 1. HP: 18/18 MP: 2/2
   158 | Abyss:1  | Found a corrupted altar of Lugonu.
   180 | Abyss:1  | Found a shadowy altar of Dithmenos.
   200 | Abyss:1  | Noticed a tentacled starspawn
   239 | Abyss:1  | Noticed a thrashing horror
   243 | Abyss:1  | Noticed a tentacled starspawn
   246 | D:1      | Escaped the Abyss
   603 | D:1      | Reached skill level 1 in Dodging
   697 | D:1      | Gained mutation: You have a somewhat thin skeletal structure. (Dex +2, Stealth) [demonic ancestry]
   697 | D:1      | Reached XP level 2. HP: 21/24 MP: 3/3
   809 | D:1      | Reached * piety under Lugonu
   824 | D:1      | Reached skill level 2 in Long Blades
  1000 | D:1      | Gained mutation: You have sharp toenails. [demonic ancestry]
  1000 | D:1      | Reached XP level 3. HP: 28/29 MP: 4/4
  1494 | D:2      | Noticed Terence
  1504 | D:2      | Killed Terence
  1504 | D:2      | Gained mutation: A weak demonic guardian rushes to your aid. [demonic ancestry]
  1504 | D:2      | Reached XP level 4. HP: 15/37 MP: 5/5
  1685 | D:2      | Found a glowing golden altar of the Shining One.
  1704 | D:2      | Reached ** piety under Lugonu
  1714 | D:2      | Found a runed door.
  1750 | D:2      | Reached skill level 1 in Stealth
  1764 | D:2      | Reached skill level 3 in Long Blades
  1812 | D:2      | Reached XP level 5. HP: 26/42 MP: 6/6
  1893 | D:2      | Noticed Robin
  1900 | D:2      | Killed Robin
  2297 | D:2      | Noticed Crazy Yiuf
  2305 | D:2      | Killed Crazy Yiuf
  2488 | D:3      | Noticed Natasha
  2657 | D:3      | Noticed Sigmund
  2665 | D:3      | Killed Sigmund
  2665 | D:3      | Reached XP level 6. HP: 40/48 MP: 7/7
  2679 | D:3      | Found a shimmering altar of Xom.
  2787 | D:3      | Killed Natasha
  2848 | D:3      | Noticed Natasha
  2869 | D:3      | Killed Natasha
  2878 | D:3      | Noticed Natasha
  2885 | D:3      | Killed Natasha
  2885 | D:3      | Reached skill level 4 in Long Blades
  2923 | D:3      | Reached *** piety under Lugonu
  3198 | D:5      | Entered Level 5 of the Dungeon
  3198 | D:5      | Found a shadowy altar of Dithmenos.
  3198 | D:5      | Found a burning altar of Makhleb.
  3494 | D:4      | Reached XP level 7. HP: 40/55 MP: 8/8
  3753 | D:4      | Noticed Menkaure
  3762 | D:4      | Killed Menkaure
  3782 | D:4      | Reached skill level 5 in Long Blades
  3786 | D:4      | Noticed Grinder
  3790 | D:4      | Paralysed by Grinder for 7 turns
  3812 | D:4      | Killed Grinder
  3819 | D:4      | Slain by a phantom

Skill      XL: |  1  2  3  4  5  6  7 |
---------------+----------------------+-----
Armour         | 2 |  2.9
Dodging        | 1 2 |  2.9
Long Blades    | 2 3 4 5 |  5.5
Stealth        | 1 2 3 |  3.6
Fighting       | 4 |  4.9
Throwing       | |  0.1
Invocations    | |  2.5

Action                   |  1- 3 |  4- 6 |  7- 9 || total
-------------------------+-------+-------+-------++-------
Melee: Falchion          |   100 |   179 |    56 ||   335
       Kick              |    15 |    62 |    20 ||    97
Throw: Tomahawk          |       |       |     5 ||     5
Invok: Depart the Abyss  |     1 |       |       ||     1
  Use: Potion            |       |     3 |       ||     3
 Stab: Sleeping          |     3 |    10 |     2 ||    15
       Distracted        |       |     2 |     1 ||     3
  Eat: Chunk             |     2 |     7 |     1 ||    10
Armor: Leather armour    |    40 |    61 |    11 ||   112
       Skin              |       |     3 |       ||     3
Dodge: Dodged            |    67 |    96 |    25 ||   188
       Rpst.: Falchion   |    27 |    29 |     8 ||    64
